 Dungeon Crawl Stone Soup version 0.29-a0-723-gce39da1c22 (webtiles) character file.

Game seed: 12089067265211303328

137 dolemite99 the Digger (level 5, -1/28 HPs)
             Began as a Gargoyle Earth Elementalist on June 29, 2022.
             Was a Believer of Vehumet.
             Slain by a black bear (5 damage)
             ... on level 4 of the Dungeon.
             The game lasted 00:04:34 (4699 turns).

dolemite99 the Digger (Gargoyle Earth Elementalist) Turns: 4699, Time: 00:04:35

Health: -1/28      AC:  8    Str: 12    XL:     5   Next: 20%
Magic:  4/8        EV: 12    Int: 17    God:    Vehumet [**....]
Gold:   167        SH:  0    Dex: 10    Spells: 7/9 levels left

rFire   . . .      SeeInvis .   w - +2 dagger (venom)
rCold   . . .      Faith    +   (no shield)
rNeg    + . .      Spirit   .   a - +0 robe
rPois   ∞          Reflect  .   (no helmet)
rElec   +          Harm     .   (no cloak)
rCorr   .          Rampage  .   i - +1 pair of gloves
Will    .....                   (no boots)
Stlth   ++........              o - amulet of faith
HPRegen 0.09/turn               (no ring)
MPRegen 0.11/turn               (no ring)

@: no status effects
A: sickness immunity, AC +4, negative energy resistance 1, electricity
resistance, torment resistance 1, petrification resistance
a: Renounce Religion


You were on level 4 of the Dungeon.
You worshipped Vehumet.
Vehumet was pleased with you.
You visited 1 branch of the dungeon, and saw 4 of its levels.

You collected 167 gold pieces.

Inventory:

Hand Weapons
 d - a +0 club
 e - a +0 dagger
 r - a +2 dagger of speed
 w - a +2 dagger of venom (weapon)
 x - a +0 mace of protection
 y - a +0 long sword of draining
Missiles
 t - 26 stones
 v - 3 poisoned darts
 z - 5 curare-tipped darts
Armour
 a - a +0 robe (worn)
 i - a +1 pair of gloves (worn)
Magical Staves
 q - a staff of air
 D - a staff of death
Jewellery
 o - an amulet of faith (around neck)
 p - an amulet of reflection
Scrolls
 c - a scroll of poison
 f - a scroll of enchant armour {unknown}
 g - 2 scrolls of torment
 h - 2 scrolls of magic mapping {unknown}
 j - a scroll of silence
 s - a scroll of immolation
 B - a scroll of vulnerability {unknown}
Potions
 b - 5 potions of magic
 k - a potion of haste
 l - a potion of resistance
 m - a potion of flight {unknown}
 n - a potion of mutation {unknown}
 u - a potion of attraction {unknown}
 A - a potion of brilliance {unknown}
 C - 2 potions of curing {unknown}


   Skills:
 - Level 2.1 Dodging
 - Level 3.0 Stealth
 - Level 2.5 Spellcasting
 - Level 1.4 Transmutations
 + Level 5.3 Earth Magic


You had 7 spell levels left.
You knew the following spells:

 Your Spells              Type           Power      Damage    Failure   Level
a - Sandblast             Erth           40%        2d10      1%          1
b - Freeze                Ice            8%         1d3       19%         1

Your spell library contained the following spells:

 Spells                   Type           Power      Damage    Failure   Level
 Searing Ray              Conj           4%         2d4       28%         2
 Passwall                 Tmut/Erth      10%        N/A       7%          2
 Stone Arrow              Conj/Erth      22%        3d8       19%         3
 Petrify                  Tmut/Erth      13%        N/A       41%         4
 Summon Forest            Summ/Tloc      1%         N/A       99%         5
 Eringya's Noxious Bog    Tmut/Pois      2%         N/A       100%        6
 Summon Hydra             Summ           1%         N/A       100%        7


Dungeon Overview and Level Annotations

Branches:
Dungeon (4/15)
 Temple: D:4-7

Altars:
Vehumet


Innate Abilities, Weirdness & Mutations

You are immune to sickness and miasma.
Your stone body is resilient. (AC +4)
You are immune to poison.
You resist negative energy. (rN+)
You are resistant to electric shocks. (rElec)
You are resistant to unholy torment.
You are immune to petrification.


Message History

Aiming: Sandblast (safe; 1% risk of failure)
Press: ? - help, Shift-Dir - straight line, f/p - black bear
Aim: a black bear (lightly wounded, 86% to hit)
The blast of sand hits the black bear.
The black bear is moderately wounded.
The black bear barely misses you. The black bear misses you.
The black bear claws you.
Casting: Sandblast (safe; 1% risk of failure)
Confirm with . or Enter, or press ? or * to list all spells.
Aiming: Sandblast (safe; 1% risk of failure)
Press: ? - help, Shift-Dir - straight line, f/p - black bear
Aim: a black bear (lightly wounded, 86% to hit)
The blast of sand hits the black bear!
The black bear is heavily wounded.
The black bear bites you but does no damage.
The black bear closely misses you. The black bear claws you.
The black bear bites you but does no damage.
The black bear claws you but does no damage. x2
Casting: Sandblast (safe; 1% risk of failure)
Confirm with . or Enter, or press ? or * to list all spells.
Aiming: Sandblast (safe; 1% risk of failure)
Press: ? - help, Shift-Dir - straight line, f/p - black bear
Aim: a black bear (heavily wounded, 86% to hit)
The blast of sand hits the black bear.
The black bear is severely wounded.
The black bear bites you but does no damage.
The black bear barely misses you. The black bear claws you.
The black bear goes berserk!
Casting: Sandblast (safe; 1% risk of failure)
Confirm with . or Enter, or press ? or * to list all spells.
Aiming: Sandblast (safe; 1% risk of failure)
Press: ? - help, Shift-Dir - straight line, f/p - black bear
Aim: a black bear (severely wounded, berserk, 86% to hit)
The blast of sand hits the black bear.
The black bear is almost dead.
The black bear closely misses you. The black bear claws you. x2
The black bear bites you!
* * * LOW HITPOINT WARNING * * *
The black bear closely misses you. The black bear claws you.
You die...

.. ... ....
....###+#+####
.............##########
.............#........#
......h......#.######.#
.......@.....#.# #.#
............†#.# #.#
.............#.######.#
....###.#..........##.#
?... #.#..###.#...##.#
^.. .>...#...#......#
## ##.##.#.###..#####
#.##... #..# #
#######..#


You could see a black bear (berserk).

Vanquished Creatures
  An orc wizard (D:2)
  Robin (D:2)
  An adder (D:2)
  A worm (D:3)
  A dart slug (D:1)
  4 orcs
  6 endoplasms
  2 giant cockroaches (D:4)
  12 goblins
  10 hobgoblins
  7 jackals
  7 kobolds
  5 quokkas
  3 bats
  8 frilled lizards
  4 rats (D:1)
73 creatures vanquished.

Notes
Turn   | Place    | Note
-------+----------+-------------------------------------------
     0 | D:1      | dolemite99 the Gargoyle Earth Elementalist began the quest
                  | for the Orb.
     0 | D:1      | Reached XP level 1. HP: 10/10 MP: 3/3
   444 | D:1      | Reached skill level 1 in Transmutations
   444 | D:1      | Reached XP level 2. HP: 15/15 MP: 3/5
  1433 | D:1      | Reached XP level 3. HP: 19/19 MP: 3/6
  1511 | D:1      | Found a faded altar of an unknown god.
  1514 | D:1      | Prayed at the altar of an unknown god.
  1514 | D:1      | Became a worshipper of Vehumet
  1514 | D:1      | Reached * piety under Vehumet
  1514 | D:1      | Offered knowledge of Freeze by Vehumet.
  1633 | D:1      | Learned a level 1 spell: Freeze
  1681 | D:2      | Reached skill level 4 in Earth Magic
  2152 | D:2      | Noticed Robin
  2155 | D:2      | Killed Robin
  2156 | D:2      | Reached XP level 4. HP: 24/24 MP: 3/7
  2407 | D:2      | Reached ** piety under Vehumet
  2407 | D:2      | Offered knowledge of Magic Dart by Vehumet.
  3599 | D:3      | Reached skill level 5 in Earth Magic
  3601 | D:3      | Reached XP level 5. HP: 19/28 MP: 5/8
  4254 | D:3      | Offered knowledge of Searing Ray by Vehumet.
  4693 | D:4      | Noticed a black bear
  4699 | D:4      | Slain by a black bear

Illustrated notes

Levels and vault maps discovered:
D:1:      onia_arrival_pyramid, layout_loops_cross, basic_ecumenical_altar
D:2:      layout_loops_cross, uniq_robin
D:3:      layout_loops_ring, st_stairs_9
D:4:      layout_basic, makhleb_altar_promises_db, serial_shops, shop

Skill      XL: |  1  2  3  4 |
---------------+-------------+-----
Transmutations | 1 |  1.4
Earth Magic    | 4 5 |  5.3
Dodging        | 2 |  2.1
Stealth        | 3 |  3.0
Spellcasting   | |  2.5

Action                   |  1- 3 |  4- 6 || total
-------------------------+-------+-------++-------
Melee: Club              |     3 |       ||     3
       Dagger            |       |    10 ||    10
 Cast: Sandblast         |    51 |    49 ||   100
  Use: Scroll            |     1 |     7 ||     8
 Stab: Sleeping          |       |     1 ||     1
Armor: Robe              |     8 |    27 ||    35
Dodge: Dodged            |    14 |    34 ||    48

Table legend: (Time is in decaauts)
 A = Elapsed time spent in this place.
 B = Non-inter-level travel time spent in this place.
 C = Inter-level travel time spent in this place.
 D = Time resting spent in this place.
 E = Time spent auto-exploring this place.
 F = Levels seen in this place.
 G = Mean time per level.
                   A        B        C        D        E       F      G
               +--------+--------+--------+--------+--------+-----+--------+
         Total |   4797 |   4734 |     63 |   2075 |   1981 |   4 | 1199.2 |
       Dungeon |   4797 |   4734 |     63 |   2075 |   1981 |   4 | 1199.2 |
               +--------+--------+--------+--------+--------+-----+--------+

Top non-repeatable levels by time:
     D:2: 1775 daAuts
     D:1: 1708 daAuts
     D:3: 1250 daAuts
     D:4: 62 daAuts
